 Dungeon Crawl Stone Soup version 0.22-a0-443-g17c3723 (webtiles) character file.

184 Espgualade the Skirmisher (level 5, -11/35 HPs)
             Began as a Tengu Ice Elementalist on May 30, 2018.
             Mangled by an ogre
             ... wielding a +0 giant club
              (17 damage)
             ... on level 4 of the Dungeon.
             The game lasted 00:10:51 (3128 turns).

Espgualade the Skirmisher (Tengu Ice Elementalist)  Turns: 3128, Time: 00:10:52

Health: -11/35     AC:  4    Str:  9    XL:     5   Next: 64%
Magic:  2/9        EV: 15    Int: 16    God:
Gold:   225        SH:  0    Dex: 14    Spells: 2/8 levels left

rFire    . . .     SeeInvis .   b - +0 spear (freeze)
rCold    . . .     Gourm    .   (no shield)
rNeg     . . .     Faith    .   a - +1 robe
rPois    .         Spirit   .   (helmet restricted)
rElec    .         Reflect  .   (no cloak)
rCorr    .         Harm     .   (no gloves)
MR       .....                  (boots unavailable)
Stlth    ++........             (no amulet)
HPRegen  0.11/turn              m - +1 ring of protection
MPRegen  0.11/turn              (no ring)

@: flying quickly and evasively, very slightly contaminated, quick
A: beak, talons 3, able to fly 1
a: no special abilities


You were on level 4 of the Dungeon.
You were not hungry.

You visited 1 branch of the dungeon, and saw 4 of its levels.

You collected 225 gold pieces.

Inventory:

Hand Weapons
 b - a +0 spear of freezing (weapon)
Armour
 a - a +1 robe (worn)
Jewellery
 j - a +6 amulet of reflection {unknown}
 m - a +1 ring of protection (left hand)
Scrolls
 e - a scroll of magic mapping
 g - a scroll of immolation
 h - 6 scrolls of remove curse
Potions
 d - 2 potions of heal wounds {unknown}
 f - a potion of lignification
 i - a potion of haste {unknown}
 k - a potion of resistance {unknown}
 l - a potion of curing
Comestibles
 c - 5 rations


   Skills:
 - Level 5.0 Fighting
 + Level 2.3 Dodging
 + Level 2.1 Stealth
 - Level 2.0 Spellcasting
 - Level 1.3 Conjurations
 - Level 2.6 Ice Magic


You had 2 spell levels left.
You knew the following spells:

 Your Spells              Type           Power        Failure   Level  Hunger
a - Freeze                Ice            ##..         7%          1    #......
b - Throw Frost           Conj/Ice       #.....       14%         2    ###....
c - Ozocubu's Armour      Chrm/Ice       #.......     34%         3    ###....

Your spell library contained the following spells:

 Spells                   Type           Power        Failure   Level  Hunger
 Summon Ice Beast         Ice/Summ       #.......     75%         4    #####..
 Throw Icicle             Conj/Ice       #.......     65%         4    #####..


Dungeon Overview and Level Annotations

Branches:
Dungeon (4/15)
 Temple: D:4-7

Altars:
Kikubaaqudgha
Yredelemnul

Annotations:
D:2 2 transporters, Menkaure
D:3 Vlans's ghost, amateur TrTm


Innate Abilities, Weirdness & Mutations

You have a beak for a mouth.
You have claws for feet.
You can fly.


Message History

The ogre is heavily wounded.
The ogre hits you with a giant club!
Casting: Freeze (safe; 7% risk of failure)
Confirm with . or Enter, or press ? or * to list all spells.
Aiming: Freeze (safe; 7% risk of failure)
Press: ? - help, Shift-Dir - straight line, f/p - ogre
Aim: an ogre, wielding a giant club (heavily wounded)
You miscast Freeze.
Nothing appears to happen.
You barely miss the ogre.
The ogre is heavily wounded.
The ogre barely misses you.
You barely miss the ogre.
The ogre is heavily wounded.
The ogre hits you with a giant club!
* * * LOW HITPOINT WARNING * * *
Your icy armour cracks and falls away as you move.
There is an open door here.
You feel very buoyant.
You swoop lightly up into the air.
The ogre hits you with a giant club!
You die...

#.##.#.# #......#
#.####.#####
#..........#
################.###.#
..........># #.#
..####.###.# #.# #..#
#.# #.# #O# ##.###.#
#.# ##@## #...#.# #.#
#...## ###...# #.#
#...<#
##..###.####...##
#......#..'...+
##..#####.##...#
###...# #.##...#
#.....# #.##...#
##.....# #.##...#


You could see an ogre.

Vanquished Creatures
  A howler monkey (D:3)
  An orc priest (D:3)
  5 adders
  4 leopard geckos
  9 orcs (D:3)
  6 bats
  4 giant cockroaches
  2 goblins (D:1)
  6 hobgoblins
  7 jackals
  2 quokkas
  6 frilled lizards
  3 kobolds
  7 rats
63 creatures vanquished.

Notes
Turn   | Place    | Note
-------+----------+-------------------------------------------
     0 | D:1      | Espgualade the Tengu Ice Elementalist began the quest for the Orb.
     0 | D:1      | Reached XP level 1. HP: 10/10 MP: 4/4
   123 | D:1      | Reached skill level 1 in Fighting
   178 | D:1      | Reached XP level 2. HP: 8/16 MP: 6/6
   478 | D:1      | Reached skill level 2 in Fighting
  1072 | D:2      | Found a basalt altar of Yredelemnul.
  1073 | D:2      | Found a transporter.
  1074 | D:2      | Found a transporter.
  1286 | D:2      | Reached XP level 3. HP: 22/22 MP: 7/7
  1338 | D:2      | Found an ancient bone altar of Kikubaaqudgha.
  1342 | D:2      | Noticed Menkaure
  1705 | D:2      | Reached skill level 3 in Fighting
  1709 | D:2      | Learned a level 2 spell: Throw Frost
  1713 | D:2      | Learned a level 3 spell: Ozocubu's Armour
  2062 | D:3      | Reached XP level 4. HP: 27/28 MP: 2/8
  2266 | D:3      | Reached skill level 4 in Fighting
  2378 | D:3      | Noticed Vlans's ghost (amateur TrTm)
  2425 | D:3      | Gained mutation: You can fly. [Tengu growth]
  2425 | D:3      | Reached XP level 5. HP: 29/34 MP: 6/9
  2607 | D:3      | Reached skill level 5 in Fighting
  3113 | D:4      | Noticed an ogre
  3128 | D:4      | Mangled by an ogre

Vault maps used:
D:1:      lightli_arrival_chessboard
D:2:      gammafunk_temple_of_torment
D:3:      first_ration, hangedman_feature_mirror
D:4:      cheibrodos_greedy_goblins, grunt_decor_cap

Skill      XL: |  1  2  3  4  5 |
---------------+----------------+-----
Fighting       | 1 2 3 4 5 |  5.0
Dodging        | |  2.3
Stealth        | |  2.1
Spellcasting   | |  2.0
Conjurations   | |  1.3
Ice Magic      | |  2.6

Action                   |  1- 3 |  4- 6 || total
-------------------------+-------+-------++-------
Melee: Dagger            |    42 |       ||    42
       Kick              |    14 |     9 ||    23
       Peck              |     5 |     7 ||    12
       Spear             |    50 |    70 ||   120
 Cast: Freeze            |    21 |    14 ||    35
       Throw Frost       |     1 |     2 ||     3
       Ozocubu's Armour  |       |     2 ||     2
  Use: Scroll            |     4 |     4 ||     8
       Potion            |       |     4 ||     4
 Stab: Sleeping          |     7 |     2 ||     9
  Eat: Chunk             |     4 |     4 ||     8
Armor: Robe              |    30 |     5 ||    35
Dodge: Dodged            |    72 |    52 ||   124

Table legend:
 A = Spawn XP
 B = Non-spawn XP
 C = Spawn XP percentage of total XP
 D = Spawn monster count
 E = Non-spawn monster count
 F = Spawn count percentage of total count
 G = Total turns spent on level
                    A         B        C        D         E        F      G
               +---------+---------+-------+---------+---------+-------+---------
         Total |       0 |     264 |   0.0 |       0 |      63 |   0.0 |  3128
               +---------+---------+-------+---------+---------+-------+---------
           D:1 |       0 |      28 |   0.0 |       0 |      17 |   0.0 |   935
           D:2 |       0 |      41 |   0.0 |       0 |      17 |   0.0 |  1031
           D:3 |       0 |     189 |   0.0 |       0 |      27 |   0.0 |   926
           D:4 |       0 |       6 |   0.0 |       0 |       2 |   0.0 |   236
               +---------+---------+-------+---------+---------+-------+---------
